 Dungeon Crawl Stone Soup version 0.26-a0-712-ga5a9c9c9d0 (webtiles) character file.

Game seed: 18226444680095004480

260 Apogee the Insei (level 5, -2/45 HPs)
             Began as a Draconian Transmuter on Nov 13, 2020.
             Was an Initiate of Sif Muna.
             Slain by an orc
             ... wielding a +0 flail
              (4 damage)
             ... on level 3 of the Dungeon.
             The game lasted 00:04:22 (3289 turns).

Apogee the Insei (Draconian Transmuter)             Turns: 3289, Time: 00:04:22

Health: -2/45      AC:  5    Str: 12    XL:     5   Next: 95%
Magic:  8/8        EV: 12    Int: 14    God:    Sif Muna [......]
Gold:   147        SH:  0    Dex: 12    Spells: 4/8 levels left

rFire    . . .     SeeInvis .     - Unarmed
rCold    . . .     Faith    .   (no shield)
rNeg     . . .     Spirit   .   (armour unavailable)
rPois    .         Reflect  .   (helmet restricted)
rElec    .         Harm     .   (no cloak)
rCorr    .         Rampage  .   (no gloves)
MR       .....                  (no boots)
Stlth    +.........             (no amulet)
HPRegen  0.15/turn              (no ring)
MPRegen  0.11/turn              (no ring)

@: no status effects
A: unfitting armour, cold-blooded, AC +5
a: Renounce Religion


You were on level 3 of the Dungeon.
You worshipped Sif Muna.
Sif Muna was noncommittal.
You visited 1 branch of the dungeon, and saw 3 of its levels.

You collected 147 gold pieces.

Inventory:

Scrolls
 d - a scroll of immolation {unknown}
 f - 3 scrolls of identify {unknown}
 g - 2 scrolls of remove curse {unknown}
 i - a scroll of teleportation {unknown}
Potions
 a - a potion of resistance {unknown}
 b - a potion of lignification {unknown}
 c - 2 potions of degeneration {unknown}
 e - 2 potions of haste {unknown}
 h - a potion of curing {unknown}
 j - a potion of brilliance {unknown}


   Skills:
 + Level 3.0 Fighting
 - Level 1.7 Dodging
 - Level 5.0 Unarmed Combat
 - Level 2.0 Spellcasting
 - Level 4.0 Transmutations
 + Level 0.1 Poison Magic


You had 4 spell levels left.
You knew the following spells:

 Your Spells              Type           Power        Failure   Level
a - Beastly Appendage     Tmut           ##....       4%          1
x - Spider Form           Tmut/Pois      #.........   30%         3

Your spell library contained the following spells:

 Spells                   Type           Power        Failure   Level
 Wereblood                Tmut           ##......     7%          2
 Ice Form                 Ice/Tmut       #.......     71%         4
 Blade Hands              Tmut           ##........   77%         5


Dungeon Overview and Level Annotations

Branches:
Dungeon (3/15)

Altars:
Sif Muna

Annotations:
D:3 exclusion: door


Innate Abilities, Weirdness & Mutations

Your plain brown scales are hard. (AC +5)
You cannot fit into any form of body armour.
You are cold-blooded and may be slowed by cold attacks.


Message History

* * * LOW HITPOINT WARNING * * *
You hit the orc. You tail-slap the orc.
The orc priest hits you but does no damage.
You closely miss the orc priest. You claw the orc priest. The orc misses you.
The orc priest hits you but does no damage.
You barely miss the orc priest. The orc closely misses you.
The orc priest hits you but does no damage.
You closely miss the orc priest. You claw the orc priest.
The orc priest barely misses you. The orc closely misses you.
You hit the orc priest.
You headbutt the orc priest, but do no damage.
The orc priest hits you but does no damage.
You closely miss the orc priest. The orc hits you with a +0 flail.
* * * LOW HITPOINT WARNING * * *
The orc priest calls upon Beogh to heal the orc.
The orc's wounds heal themselves!
You closely miss the orc priest.
You headbutt the orc priest, but do no damage.
The orc hits you with a +0 flail.
* * * LOW HITPOINT WARNING * * *
You barely miss the orc priest. Your kick misses the orc priest.
The orc priest looks braver for a moment.
The orc hits you with a +0 flail.
* * * LOW HITPOINT WARNING * * *
You barely miss the orc priest. You tail-slap the orc priest.
The orc priest invokes the aid of Beogh against you.
You barely resist.
You hit the orc priest but do no damage.
Your tail-slap misses the orc priest.
Your transformation is almost over.
The orc hits you with a +0 flail.
* * * LOW HITPOINT WARNING * * *
The orc priest invokes the aid of Beogh against you.
You barely resist. You hit the orc priest.
You kill the orc priest!
Sif Muna accepts your kill.
Training target 5.0 for Unarmed Combat reached!
Your Unarmed Combat skill increases to level 5!
You need to enable at least one skill for training.
The orc misses you.
Unknown command.
Things that are here:
a +0 club; an orc corpse
Things that are here:
a +0 dagger; a +0 leather armour; an orc corpse
There is an escape hatch in the ceiling here.
Your horns disappear.
Your talons disappear.
The orc hits you with a +0 flail.
You die...

... ... ... #
##.##.# o# #. ...#.#
.# #.##.##.# .o
#.......# .#
#..@..>.# .# #
####.##o##.### .# #
......#.##.#.###.##
#
###...........o..##
# #########
#.##.##.#|###.#.....
#.......####
#...)...### #.##.##
..###......#
####)#### ##.....##
#####......# ##.##
#........ #.......#
#...# #...##...


You could see an orc.

Vanquished Creatures
  4 orc priests (D:3)
  An orc wizard (D:2)
  6 adders
  An ooze (D:3)
  2 dart slugs
  A leopard gecko (D:3)
  3 orcs (D:3)
  11 bats
  3 giant cockroaches
  4 goblins
  7 hobgoblins
  4 jackals (D:3)
  3 kobolds
  A ball python (D:3)
  A frilled lizard (D:2)
  A jackal zombie (D:3)
  4 rats
57 creatures vanquished.

Notes
Turn   | Place    | Note
-------+----------+-------------------------------------------
     0 | D:1      | Apogee the Draconian Transmuter began the quest for the
                  | Orb.
     0 | D:1      | Reached XP level 1. HP: 16/16 MP: 3/3
   523 | D:1      | Reached XP level 2. HP: 23/23 MP: 3/5
   949 | D:2      | Reached XP level 3. HP: 21/29 MP: 4/6
  1157 | D:2      | Reached XP level 4. HP: 37/37 MP: 5/7
  2162 | D:3      | Reached skill level 4 in Unarmed Combat
  2434 | D:3      | Reached XP level 5. HP: 44/45 MP: 6/8
  2499 | D:3      | Found a shimmering blue altar of Sif Muna.
  2508 | D:3      | Became a worshipper of Sif Muna the Loreminder
  3208 | D:3      | Learned a level 3 spell: Spider Form
  3279 | D:3      | HP: 1/45 [orc/+0 flail (6)]
  3280 | D:3      | Reached skill level 5 in Unarmed Combat
  3289 | D:3      | Slain by an orc

Illustrated notes

Levels and vault maps discovered:
D:1:      matt_arrival_grand_opening, layout_loops_ring, hex_large
D:2:      layout_loops_ring, minmay_pentomino_u4
D:3:      layout_loops_cross, led_sif_book

Skill      XL: |  1  2  3  4  5 |
---------------+----------------+-----
Fighting       | 2 3 |  3.0
Transmutations | 3 4 |  4.0
Unarmed Combat | 4 5 |  5.0
Dodging        | |  1.7
Spellcasting   | |  2.0
Poison Magic   | |  0.1

Action                   |  1- 3 |  4- 6 || total
-------------------------+-------+-------++-------
Melee: Unarmed           |    55 |   130 ||   185
       Kick              |     5 |    20 ||    25
       Tailslap          |     3 |    10 ||    13
       Headbutt          |     2 |    16 ||    18
       Punch             |       |     1 ||     1
 Cast: Beastly Appendage |     6 |    14 ||    20
 Stab: Sleeping          |       |     3 ||     3
Armor: Skin              |    22 |    29 ||    51
Dodge: Dodged            |    37 |    69 ||   106

Table legend: (Time is in decaauts)
 A = Elapsed time spent in this place.
 B = Non-inter-level travel time spent in this place.
 C = Inter-level travel time spent in this place.
 D = Time resting spent in this place.
 E = Time spent auto-exploring this place.
 F = Levels seen in this place.
 G = Mean time per level.
                   A        B        C        D        E       F      G
               +--------+--------+--------+--------+--------+-----+--------+
         Total |   3276 |   3211 |     65 |    795 |   1962 |   3 | 1092.0 |
       Dungeon |   3276 |   3211 |     65 |    795 |   1962 |   3 | 1092.0 |
               +--------+--------+--------+--------+--------+-----+--------+

Top non-repeatable levels by time:
     D:2: 1205 daAuts
     D:1: 1156 daAuts
     D:3: 914 daAuts
